 Dungeon Crawl Stone Soup version 0.17-b1-33-gd9cf236 (webtiles) character file.

1908 Horrz the Spear-Bearer (level 9, -1/68 HPs)
             Began as a Merfolk Abyssal Knight on Nov 6, 2015.
             Was an Elder of Lugonu.
             Slain by a killer bee (5 damage)
             ... on level 7 of the Dungeon.
             The game lasted 00:39:03 (7333 turns).

Horrz the Spear-Bearer (Merfolk Abyssal Knight)     Turns: 7333, Time: 00:39:04

Health: -1/68      AC:  9    Str: 12    XL:     9   Next: 16%
Magic:  11/11      EV: 16    Int: 11    God:    Lugonu [****..]
Gold:   316        SH:  5    Dex: 17    Spells: 1 memorised, 6 levels left

rFire  . . .     SeeInvis .     a - +1 spear
rCold  + . .     Clarity  .     k - +3 leather armour {rC+}
rNeg   . . .     SustAt   .     B - +0 buckler
rPois  .         Gourm    .     v - +0 helmet
rElec  .         Spirit   .     e - +0 cloak
rCorr  .         Warding  .     x - +0 pair of gloves
rMut   .         Stasis   .     (no boots)
MR     .....                    (no amulet)
Stlth  ++........               (no ring)
                                E - ring of stealth

@: lethally poisoned (-1 -> -5), not resistant to hostile enchantments,
unstealthy
A: change form in water, swift swim
a: Depart the Abyss, Bend Space, Banish, Corrupt, Renounce Religion


You were on level 7 of the Dungeon.
You worshipped Lugonu.
Lugonu was greatly pleased with you.
You were hungry.

You visited 2 branches of the dungeon, and saw 8 of its levels.
You visited the Abyss 1 time.

You collected 316 gold pieces.

Inventory:

Hand Weapons
 a - a +1 spear (weapon)
Armour
 b - a +0 leather armour
 e - a +0 cloak (worn)
 k - a +3 leather armour of cold resistance (worn)
 v - a +0 helmet (worn)
 x - a +0 pair of gloves (worn)
 B - a +0 buckler (worn)
Jewellery
 d - an uncursed amulet of rage
 E - a ring of stealth (left hand)
 I - an uncursed amulet of the gourmand
Wands
 C - a wand of random effects (18)
 G - a wand of fire (6)
 L - a wand of magic darts (9)
 M - a wand of slowing (23)
Scrolls
 i - 3 scrolls of remove curse {unknown}
 l - a scroll of enchant armour {unknown}
 m - 8 scrolls of identify {unknown}
 n - 3 scrolls of magic mapping
 o - 2 scrolls of immolation {unknown}
 p - a scroll of enchant weapon {unknown}
 q - a scroll of fear {unknown}
 r - a scroll of recharging {unknown}
 s - a scroll of teleportation
 y - a scroll of noise {unknown}
 A - a scroll of fog {unknown}
Potions
 j - a potion of invisibility
 u - a potion of flight {unknown}
 w - a potion of heal wounds {unknown}
 D - a potion of mutation {unknown}
 H - a potion of agility {unknown}
 J - a potion of brilliance {unknown}
Books
 F - a book of Burglary

   Spells                             Type                      Level
   a - Swiftness                      Charms/Air                   2
   b - Passwall                       Transmutation/Earth          3
   c - Passage of Golubria            Translocation                4
   d - Lee's Rapid Deconstruction     Earth                        5
   e - Darkness                       Hexes                        6
   f - Invisibility                   Hexes                        6
Comestibles
 c - 6 bread rations
 f - 2 slices of pizza
 g - 5 meat rations
 h - a royal jelly
 t - 3 beef jerkies
 K - a chunk of flesh


   Skills:
 * Level 5.2 Fighting
 - Level 12.0 Polearms
 - Level 0.6 Armour
 + Level 6.9 Dodging
 + Level 3.5 Shields
 + Level 2.9 Charms
 + Level 2.8 Invocations


You had 6 spell levels left.
You knew the following spells:

 Your Spells              Type           Power        Failure   Level  Hunger
a - Swiftness             Chrm/Air       #.......     50%         2    ###....


Dungeon Overview and Level Annotations

Branches:
Dungeon (7/15)             Temple (1/1) D:7

Altars:
Ashenzari
Cheibriados
Dithmenos
Elyvilon
Gozag
Kikubaaqudgha
Makhleb
Nemelex Xobeh
Okawaru
Ru
Trog
Yredelemnul
Zin
The Shining One

Annotations:
Abyss:1 Menkaure


Message History

Attack whom?
Press: ? - help, Dir - move target cursor, f/p - killer bee
Aim: a killer bee (severely wounded)
You hit the killer bee.
The killer bee is severely wounded.
You feel sick. The killer bee stings you.
* * * LOW HITPOINT WARNING * * *
Attack whom?
Press: ? - help, Dir - move target cursor, f/p - killer bee
Aim: a killer bee (severely wounded)
You miss the killer bee.
The killer bee is severely wounded.
The killer bee barely misses you.
Attack whom?
Press: ? - help, Dir - move target cursor, f/p - killer bee
Aim: a killer bee (severely wounded)
You closely miss the killer bee.
The killer bee is severely wounded.
The killer bee stings you.
You die...

#.# #.##.####.#.###
#. #_#
#.##.###......# #.
#####
##.##........#.# #.
#2#
##...####.#.###.# #.
###
#.....##.###.##.###.
#.##...##.##
##.......
#.......)## ##..####
#####.###.## ##.#.#
#@# ##.###.##.# #y#
##.#.###.. [.. ##.##
#..# ..... ### ##..
....... #.#
......... .#
+.........+
#.......?.#


You could see a killer bee.

Vanquished Creatures
  A hippogriff (D:7)
  Eustachio (D:6)
  Duvessa (D:5)
  3 ogres
  The ghost of Gargoyl the Skirmisher, an amateur DsAK of Lugonu (D:4)
  4 giant frogs
  Dowan (D:5)
  4 killer bees (D:7)
  An orc priest (D:3)
  3 orc wizards
  3 crimson imps
  A giant frog zombie (D:5)
  A hound (D:7)
  An iguana (D:6)
  4 worker ants
  8 adders
  7 gnolls
  A shadow imp (D:6)
  An ooze (D:2)
  An adder zombie (D:6)
  An adder skeleton (D:5)
  4 worms
  5 giant geckos
  12 orcs
  4 giant cockroaches
  7 goblins
  8 hobgoblins
  13 kobolds
  A ball python (D:4)
  5 bats
  4 giant newts
  3 quokkas
  9 rats
124 creatures vanquished.

Vanquished Creatures (others)
  A bush (D:1)
  A plant (D:1)
2 creatures vanquished.

Grand Total: 126 creatures vanquished

Notes
Turn   | Place    | Note
--------------------------------------------------------------
     0 | Abyss:1  | Horrz the Merfolk Abyssal Knight began the quest for the Orb.
     0 | Abyss:1  | Reached XP level 1. HP: 18/18 MP: 2/2
     9 | D:1      | Escaped the Abyss
   240 | D:1      | Reached skill level 4 in Polearms
   240 | D:1      | Reached XP level 2. HP: 24/24 MP: 3/3
  1127 | D:1      | Reached XP level 3. HP: 29/29 MP: 4/4
  1131 | D:1      | Reached skill level 5 in Polearms
  1364 | D:2      | Reached ** piety under Lugonu
  1978 | D:2      | Reached skill level 6 in Polearms
  2003 | D:2      | Reached XP level 4. HP: 35/35 MP: 5/5
  2153 | D:2      | Reached skill level 7 in Polearms
  2713 | D:2      | Found a shadowy altar of Dithmenos.
  2742 | D:2      | Reached XP level 5. HP: 30/41 MP: 6/6
  3121 | D:3      | Found a white marble altar of Elyvilon.
  3501 | D:3      | Reached skill level 8 in Polearms
  3505 | D:3      | Reached XP level 6. HP: 33/47 MP: 7/7
  3776 | D:4      | Noticed Gargoyl's ghost (amateur DsAK)
  3800 | D:4      | Killed Gargoyl's ghost
  3800 | D:4      | Reached *** piety under Lugonu
  3800 | D:4      | Reached skill level 9 in Polearms
  4097 | D:4      | Reached skill level 10 in Polearms
  4097 | D:4      | Reached XP level 7. HP: 6/52 MP: 3/8
  4857 | D:5      | Entered Level 5 of the Dungeon
  4951 | D:5      | Noticed Duvessa
  5002 | D:5      | Killed Duvessa
  5002 | D:5      | Reached skill level 11 in Polearms
  5002 | D:5      | Reached skill level 5 in Dodging
  5002 | D:5      | Reached skill level 1 in Shields
  5006 | D:5      | Noticed Dowan
  5018 | D:5      | Killed Dowan
  5212 | D:5      | Reached XP level 8. HP: 50/58 MP: 9/9
  6004 | D:6      | Reached **** piety under Lugonu
  6158 | D:6      | Learned a level 2 spell: Swiftness
  6269 | D:6      | Noticed Eustachio
  6310 | D:6      | Killed Eustachio
  6310 | D:6      | Reached skill level 1 in Charms
  6618 | D:7      | Reached skill level 12 in Polearms
  6669 | D:7      | Noticed Menkaure
  6670 | D:7      | Banished Menkaure
  6735 | D:7      | Found a staircase to the Ecumenical Temple.
  6744 | Temple   | Entered the Ecumenical Temple
  7068 | D:7      | Found a burning altar of Makhleb.
  7076 | D:7      | Noticed a blizzard demon
  7151 | D:7      | Reached XP level 9. HP: 49/67 MP: 10/10
  7287 | D:7      | Reached skill level 5 in Fighting
  7333 | D:7      | Slain by a killer bee

Action                   |  1- 3 |  4- 6 |  7- 9 || total
-------------------------+-------+-------+-------++-------
Melee: Spear             |   227 |   205 |   492 ||   924
Invok: Banish            |       |     1 |     1 ||     2
  Use: Potion            |       |     3 |     1 ||     4
       Scroll            |       |       |     2 ||     2
 Stab: Sleeping          |     2 |     2 |    12 ||    16
       Invisible         |       |     5 |       ||     5
  Eat: Chunk             |     4 |     5 |    12 ||    21
